[Event "Team 45 45 League T55"]
[Site "Internet Chess Club"]
[Date "2012.12.09"]
[Round "4"]
[White "artspir"]
[Black "MasterD"]
[Result "0-1"]
[WhiteElo "1108"]
[BlackElo "1162"]
[Opening "Queen's pawn game, Chigorin variation"]
[ECO "D02"]
[Time "09:30:38"]
[TimeControl "2700+45"]

1. d4 d5 2. Nf3 Nc6 3. Bf4 Nf6 4. e3 Bf5 5. a3 h6 6. Bd3 Bh7 7. O-O e6 8. Nc3
Bd6 9. Bxd6 cxd6 10. b4 O-O 11. Qd2 Qe7 12. b5 Nd8 13. Rfb1 b6 14. a4 a5 15. Ne2
e5 16. dxe5 dxe5 17. Bxh7+ Kxh7 18. Ng3 e4 19. Nf5 Qe6 20. N3d4 Qd7 21. Rf1 Ne6
22. Rac1 Nxd4 23. Nxd4 Rfe8 24. f3 exf3 25. Rxf3 Re4 26. Qd3 Re8 27. Rcf1 Kg8
28. Nf5 R8e5 29. Nxh6+ gxh6 30. Rxf6 Rxe3 31. Qd4 Qe7 32. Qg4+ Rg5 33. Qh4 Qe4
34. Qxe4 dxe4 35. Rxf7 Rg7 36. Rf8+ Kh7 37. R1f4 Re2 38. g3 e3 39. g4 h5 40. Kf1
Rxh2 41. g5 Rxg5 42. R8f7+ Rg7 43. Rxg7+ Kxg7 44. c4 Rc2 45. Rh4 Kg6 46. Re4 Kf5
47. Rxe3 Rxc4 48. Rf3+ Kg4 49. Ra3 h4 50. Ra2 h3 51. Kg1 Kg3 52. Ra3+ Kg4 53.
Kh2 Rc2+ 54. Kg1 Rg2+ 55. Kh1 Rf2 56. Rd3 Ra2 57. Rd4+ Kg3 58. Rd3+ Kf2 59. Rxh3
Rxa4 60. Rh2+ Kg3 61. Rg2+ Kf4 62. Rf2+ Ke5 63. Re2+ Kd5 64. Rd2+ Kc5 65. Kg2
Kxb5 66. Rd5+ Ka6 67. Rd8 b5 68. Rd6+ Kb7 69. Rd7+ Kc6 70. Rd3 b4 71. Kf2 Kc5
72. Rd1 Ra2+ 73. Ke3 a4 74. Rc1+ Kb5 75. Kd4 a3 76. Rc5+ Ka4 77. Rc6 b3 78. Rc4+
Kb5 79. Rc5+ Kb6 80. Rc3 b2 81. Rb3+ Ka5 82. Kc4 Ra1 83. Rb5+ Ka6 84. Kc5 b1=Q
85. Rxb1 Rxb1 86. Kc4 a2 87. Kc3 a1=Q+ 88. Kd2 Qa3 {White resigns} 0-1

[Event "Team 45 45 League T55"]
[Site "Internet Chess Club"]
[Date "2012.12.05"]
[Round "4"]
[White "zap2"]
[Black "ScotchYeti"]
[Result "1/2-1/2"]
[WhiteElo "1830"]
[BlackElo "1708"]
[Opening "Réti opening"]
[ECO "A05"]
[Time "14:49:05"]
[TimeControl "2700+45"]

1. Nf3 Nf6 2. g3 c5 3. Bg2 d5 4. d3 Nc6 5. O-O e6 6. Nbd2 Be7 7. Re1 b6 8. e4
Bb7 9. e5 Nd7 10. Qe2 Qc7 11. Nf1 h6 12. h4 O-O 13. N1h2 Rac8 14. c3 d4 15. Bf4
Bd8 16. Ng4 h5 17. Nf6+ gxf6 18. exf6 e5 19. Nxe5 Ncxe5 20. Bxe5 Qxe5 21. Bxb7
Qxe2 22. Rxe2 Rc7 23. Bf3 Nxf6 24. Rae1 {Game drawn by mutual agreement} 1/2-1/2

[Event "Team 45 45 League T55"]
[Site "Internet Chess Club"]
[Date "2012.12.09"]
[Round "4"]
[White "cepheid"]
[Black "mongmong"]
[Result "1-0"]
[WhiteElo "1653"]
[BlackElo "1633"]
[Opening "French: Winawer, advance variation"]
[ECO "C16"]
[Time "20:04:19"]
[TimeControl "2700+45"]

1. e4 e6 2. d4 d5 3. Nc3 Bb4 4. e5 Ne7 5. Bd2 b6 6. Nb5 Bxd2+ 7. Qxd2 a6 8. Nc3
c5 9. Nf3 cxd4 10. Nxd4 Bd7 11. Bd3 Nbc6 12. Nxc6 Nxc6 13. Qe2 Qc7 14. f4 b5 15.
Qf2 Nb4 16. O-O Qa7 17. Qxa7 Rxa7 18. Ne2 O-O 19. a3 Nxd3 20. cxd3 Rc8 21. Rfc1
Rac7 22. Rxc7 Rxc7 23. Rc1 Rxc1+ 24. Nxc1 Kf8 25. b4 Ke7 26. Kf2 f6 27. Ke3 fxe5
28. fxe5 Bc6 29. Kd4 Kd7 30. Nb3 Kc7 31. Nc5 {Black resigns} 1-0

[Event "Team 45 45 League T55"]
[Site "Internet Chess Club"]
[Date "2012.12.09"]
[Round "4"]
[White "Kravier"]
[Black "Hal2001"]
[Result "1/2-1/2"]
[WhiteElo "1686"]
[BlackElo "1597"]
[Opening "Réti opening"]
[ECO "A04"]
[Time "08:08:16"]
[TimeControl "2700+45"]

1. Nf3 g6 2. d4 Bg7 3. Bf4 d6 4. e3 Nd7 5. h3 e5 6. dxe5 dxe5 7. Bg5 f6 8. Bh4
Nh6 9. Bc4 Qe7 10. O-O Nf5 11. e4 Nxh4 12. Nxh4 Nb6 13. Bb3 Be6 14. Re1 Bxb3 15.
axb3 O-O 16. Nc3 Rad8 17. Qe2 a6 18. Rad1 Rxd1 19. Rxd1 Rd8 20. Rd3 f5 21. Nf3
f4 22. Qd2 Rxd3 23. Qxd3 Qd6 24. Ng5 Qe7 25. h4 h6 26. Nf3 c6 27. Nd2 g5 28.
hxg5 hxg5 29. Nc4 Nxc4 30. Qxc4+ Kf8 31. f3 Qd7 32. Qc5+ Ke8 33. Qb6 Qd4+ {Game
drawn by mutual agreement} 1/2-1/2

[Event "Team 45 45 League T55"]
[Site "Internet Chess Club"]
[Date "2012.12.06"]
[Round "4"]
[White "cBishop"]
[Black "ChessMaine"]
[Result "1-0"]
[WhiteElo "1615"]
[BlackElo "1458"]
[Opening "French: advance variation"]
[ECO "C02"]
[Time "11:10:31"]
[TimeControl "2700+45"]

1. e4 e6 2. d4 d5 3. e5 c5 4. f4 Nc6 5. Nf3 Qb6 6. c3 Bd7 7. Be2 cxd4 8. cxd4
Nge7 9. Na3 Nf5 10. Nc2 Bb4+ 11. Bd2 Rc8 12. Nxb4 Nxb4 13. Bxb4 Qxb4+ 14. Qd2
Qb6 15. a4 Qb3 16. Ra3 Qc2 17. Qxc2 Rxc2 18. b4 O-O 19. Kf2 Rfc8 20. g4 Ne7 21.
b5 a6 22. Rb1 Ng6 23. Ne1 Rd2 24. Ke3 Rxe2+ 25. Kxe2 Nxf4+ 26. Ke3 Ng6 27. Nd3
Ra8 28. bxa6 Rxa6 29. Nc5 Rxa4 30. Nxa4 {Black resigns} 1-0

[Event "Team 45 45 League T55"]
[Site "Internet Chess Club"]
[Date "2012.12.07"]
[Round "4"]
[White "Grenadier"]
[Black "rayonline53"]
[Result "1-0"]
[WhiteElo "1711"]
[BlackElo "1476"]
[Opening "Ruy Lopez: Marshall counter-attack"]
[ECO "C89"]
[Time "07:30:22"]
[TimeControl "2700+45"]

1. e4 e5 2. Nf3 Nc6 3. Bb5 a6 4. Ba4 Nf6 5. O-O Be7 6. Re1 b5 7. Bb3 O-O 8. c3
d5 9. exd5 Nxd5 10. Nxe5 Nxe5 11. Rxe5 Nf6 12. d4 Bd6 13. Re1 Ng4 14. h3 Qh4 15.
Qf3 Nxf2 16. Qxf2 Bh2+ 17. Kf1 Bg3 18. Qe2 Bxh3 19. Qe4 Bxg2+ 20. Qxg2 Bxe1 21.
Bg5 Qg3 22. Nd2 Qxg2+ 23. Kxg2 Bxd2 24. Bxd2 Rae8 25. Kf3 Re7 26. Rg1 Rfe8 27.
Rg2 Kh8 28. c4 c6 29. d5 bxc4 30. Bxc4 cxd5 31. Bxd5 Rd8 32. Bb3 f6 33. Bc3 Red7
34. Bc4 Ra7 35. Re2 a5 36. a4 h6 37. Re6 Kh7 38. Re3 Kg6 39. Kf4 Rd1 40. Rg3+
Kh7 41. Bd3+ Kh8 42. Re3 Ra8 43. Kf5 Rg1 44. Re7 Rg3 45. Be4 Rg5+ 46. Ke6 Ra6+
47. Kf7 f5 48. Re8+ Kh7 49. Bd5 Ra7+ 50. Ke6 Ra6+ 51. Ke5 Ra7 52. Be6 Kg6 53.
Rf8 Re7 54. Kd6 Ra7 55. Bc4 h5 56. Bd4 Rb7 57. Bd5 Rb4 58. Bf7+ Kh7 59. Be3 Rg3
60. Bf2 Rg5 61. b3 h4 62. Bg8+ Kg6 63. Bc4 h3 64. Bf7+ Kh7 65. Bg8+ Kg6 66. Be6
Rb6+ 67. Ke7 Ra6 68. Rh8 h2 69. Bf7# {Black checkmated} 1-0

[Event "Team 45 45 League T55"]
[Site "Internet Chess Club"]
[Date "2012.12.09"]
[Round "4"]
[White "nanning"]
[Black "zepled37"]
[Result "1-0"]
[WhiteElo "1658"]
[BlackElo "1547"]
[Opening "Sicilian: Grand Prix attack"]
[ECO "B23"]
[Time "08:58:13"]
[TimeControl "2700+45"]

1. e4 c5 2. Nc3 Nc6 3. f4 e6 4. Bb5 Nge7 5. Nf3 d5 6. exd5 exd5 7. O-O a6 8.
Bxc6+ Nxc6 9. Ng5 Be7 10. Qh5 Bxg5 11. fxg5 Be6 12. d3 Qd7 13. Na4 Qe7 14. Bf4
Nd4 15. c3 Nf5 16. Nb6 Rd8 17. Rae1 g6 18. Qf3 O-O 19. g4 Ng7 20. Qg3 Ne8 21.
Qh4 f5 22. gxf6 Nxf6 23. Bg5 Kg7 24. Bh6+ Kg8 25. Bxf8 Rxf8 26. Nxd5 Nxd5 27.
Rxf8+ Kxf8 28. Qg3 Kg7 29. Qe5+ Kf7 30. Rf1+ Ke8 31. Qb8+ Kd7 32. Qxb7+ Nc7 33.
Re1 Qg5 34. h3 Bd5 35. Qb6 Qd2 36. Re7+ Kxe7 37. Qxc7+ Kf8 38. Qd6+ Kg7 39. Qe5+
Kf8 40. Qxd5 Qe1+ 41. Kh2 Qf2+ 42. Qg2 Qf4+ 43. Kg1 Kg7 44. Qf2 Qd6 45. d4 c4
46. g5 Qb8 47. Kf1 Qb7 48. d5 Qxd5 49. Qd4+ Qxd4 50. cxd4 Kf7 51. Ke2 Ke6 52.
Ke3 Kd5 53. a4 a5 54. h4 Kd6 55. Ke4 Ke6 56. d5+ Kd6 57. Kd4 Kd7 58. Kc5 Kc7 59.
Kxc4 Kd6 60. b3 Kd7 61. Kc5 Kc7 62. d6+ Kd7 63. Kd5 Kd8 64. Kc6 Kc8 65. Kb5 Kd7
66. Kxa5 Kxd6 67. b4 Kc6 68. b5+ Kb7 69. b6 Kb8 70. Kb5 Kb7 71. a5 Kb8 72. a6
Ka8 73. Kc6 Kb8 74. a7+ Ka8 75. b7+ Kxa7 76. Kc7 {Black resigns} 1-0

[Event "Team 45 45 League T55"]
[Site "Internet Chess Club"]
[Date "2012.12.08"]
[Round "4"]
[White "GoIrish"]
[Black "rom1"]
[Result "1-0"]
[WhiteElo "1586"]
[BlackElo "1529"]
[Opening "Réti: King's Indian attack, Yugoslav variation"]
[ECO "A07"]
[Time "14:03:38"]
[TimeControl "2700+45"]

1. Nf3 d5 2. g3 Nf6 3. Bg2 c6 4. O-O Bg4 5. d3 Nbd7 6. Nbd2 e5 7. e4 g6 8. h3
Be6 9. Ng5 Qe7 10. Qe2 h6 11. Nxe6 Qxe6 12. Re1 O-O-O 13. Nf3 dxe4 14. dxe4 Nc5
15. Nd2 Bd6 16. Nb3 Kb8 17. Rd1 Qe7 18. Nxc5 Bxc5 19. Be3 Bxe3 20. Qxe3 Qb4 21.
Qf3 Qe7 22. c4 h5 23. c5 g5 24. Qc3 Rhe8 25. a4 Nd7 26. b4 Kc7 27. Bf3 h4 28. g4
Nf8 29. b5 Ng6 30. bxc6 Kxc6 31. Be2 a6 32. Qa5 Qc7 33. Bb5+ {Black resigns} 1-0

[Event "Team 45 45 League T55"]
[Site "Internet Chess Club"]
[Date "2012.12.09"]
[Round "4"]
[White "oldsj"]
[Black "BrerRabbit"]
[Result "1-0"]
[WhiteElo "1657"]
[BlackElo "1482"]
[Opening "Pirc: Austrian attack, dragon formation"]
[ECO "B09"]
[Time "18:02:06"]
[TimeControl "2700+45"]

1. e4 d6 2. d4 Nf6 3. Nc3 g6 4. f4 Bg7 5. Nf3 c5 6. Bb5+ Bd7 7. e5 Ng4 8. e6
fxe6 9. Ng5 Bxb5 10. Nxe6 Bxd4 11. Nxd4 Bd7 12. Nf3 Nc6 13. h3 Nf6 14. O-O Qb6
15. Re1 O-O-O 16. a4 Rhf8 17. b3 Rde8 18. Nb5 a6 19. Na3 Nb4 20. Nc4 Qc7 21. a5
Nbd5 22. g4 Bc6 23. Ng5 Qd7 24. Ne6 Rf7 25. g5 Nh5 26. Qxd5 Bxd5 27. Nb6+ Kb8
28. Nxd7+ Ka7 29. Nc7 Rd8 30. Nxd5 Rxd7 31. Be3 Kb8 32. Rad1 e6 33. Nb6 Rd8 34.
Bxc5 Nxf4 35. Bxd6+ Ka7 36. Bxf4 {Black resigns} 1-0

[Event "Team 45 45 League T55"]
[Site "Internet Chess Club"]
[Date "2012.12.09"]
[Round "4"]
[White "Elalfer"]
[Black "Just-Jim"]
[Result "0-1"]
[WhiteElo "1407"]
[BlackElo "1434"]
[Opening "QGD Slav: 3.Nf3"]
[ECO "D11"]
[Time "17:00:22"]
[TimeControl "2700+45"]

1. d4 d5 2. c4 c6 3. Nf3 Bf5 4. Nc3 e6 5. e3 Bb4 6. a3 Bxc3+ 7. bxc3 Nd7 8. cxd5
cxd5 9. c4 Ngf6 10. Nh4 Bg6 11. Nxg6 fxg6 12. cxd5 Nxd5 13. g3 O-O 14. Bg2 Qf6
15. O-O Rac8 16. Qb3 Nc5 17. Qb2 Nd3 18. Qxb7 Nxc1 19. Qa6 Nb3 {White resigns}
0-1

[Event "Team 45 45 League T55"]
[Site "Internet Chess Club"]
[Date "2012.12.09"]
[Round "4"]
[White "PsyMar"]
[Black "fuzzface"]
[Result "0-1"]
[WhiteElo "1316"]
[BlackElo "1348"]
[Opening "Polish (Sokolsky) opening"]
[ECO "A00"]
[Time "10:00:29"]
[TimeControl "2700+45"]

1. b4 Nf6 2. Bb2 e6 3. b5 c6 4. e3 a6 5. a4 axb5 6. axb5 Rxa1 7. Bxa1 Qa5 8. Nc3
d5 9. Nf3 Bd6 10. Be2 O-O 11. O-O e5 12. Qb1 e4 13. Nd4 Qc7 14. bxc6 Nxc6 15. f4
Nxd4 16. exd4 Bxf4 17. Nb5 Bxh2+ 18. Kh1 Qg3 19. Qe1 Qxe1 20. Rxe1 Bf4 21. d3
Bd7 22. dxe4 Nxe4 23. Bf3 Ng3+ 24. Kg1 Bxb5 25. Bxd5 Nf5 26. g4 Nh4 27. Rb1 Bc6
28. Bxc6 bxc6 29. Kf2 f5 30. Rg1 Bh2 31. Rh1 fxg4+ {White resigns} 0-1

[Event "Team 45 45 League T55"]
[Site "Internet Chess Club"]
[Date "2012.12.10"]
[Round "4"]
[White "tamky70"]
[Black "rgadoury"]
[Result "1-0"]
[WhiteElo "1413"]
[BlackElo "1265"]
[Opening "KGA: bishop's gambit, Maurian defense"]
[ECO "C30"]
[Time "19:30:13"]
[TimeControl "2700+45"]

1. e4 e5 2. f4 Nc6 3. Bc4 exf4 4. Nf3 d6 5. O-O Be7 6. d4 Nf6 7. Nc3 O-O 8. Bxf4
Na5 9. Bd3 a6 10. e5 dxe5 11. Bxe5 Nc6 12. Bxf6 Bxf6 13. Ne4 Bxd4+ 14. Nxd4
Qxd4+ 15. Rf2 Qxb2 16. Kh1 Qe5 17. Rb1 b5 18. Qd2 h6 19. Re1 Qd4 20. c3 Qd8 21.
Nc5 Kh8 22. Qf4 Qg5 23. Qe4 Qg6 24. Qxg6 fxg6 25. Rxf8+ Kh7 26. h3 h5 27. Ne6
{Black resigns} 1-0

[Event "Team 45 45 League T55"]
[Site "Internet Chess Club"]
[Date "2012.12.07"]
[Round "4"]
[White "oldbookseller"]
[Black "wildangels"]
[Result "0-1"]
[WhiteElo "1042"]
[BlackElo "1068"]
[Opening "Queen's pawn game"]
[ECO "D05"]
[Time "18:00:07"]
[TimeControl "2700+45"]

1. d4 Nf6 2. Nf3 e6 3. e3 d5 4. Bd3 Bb4+ 5. c3 Bd6 6. O-O O-O 7. Nbd2 Nbd7 8. a3
c6 9. b4 Ng4 10. e4 Bf4 11. c4 e5 12. Bb2 Qf6 13. cxd5 exd4 14. Nc4 Re8 15. Bc2
Nde5 16. Qe2 Nxf3+ 17. Qxf3 Bxh2+ 18. Kh1 Qh4 19. g3 Bxg3+ {White resigns} 0-1

[Event "Team 45 45 League T55"]
[Site "Internet Chess Club"]
[Date "2012.12.09"]
[Round "4"]
[White "Sanjaya"]
[Black "arconia"]
[Result "0-1"]
[WhiteElo "1123"]
[BlackElo "1337"]
[Opening "Trompowsky attack (Ruth, Opocenský opening)"]
[ECO "A45"]
[Time "14:06:08"]
[TimeControl "2700+45"]

1. d4 Nf6 2. Bg5 d6 3. c4 c5 4. dxc5 Qa5+ 5. Qd2 Qxc5 6. Bxf6 gxf6 7. e4 h5 8.
Nc3 Nc6 9. Nd5 Ne5 10. b4 Qc6 11. Rc1 Ng6 12. c5 Bh6 13. f4 Bxf4 14. Nxf4 Qxe4+
15. Nge2 Bg4 16. Nxg6 fxg6 17. h3 Bxe2 18. Bxe2 Rd8 19. Kd1 dxc5 20. Bb5+ Kf7
21. Qxd8 Rxd8+ {White resigns} 0-1

[Event "Team 45 45 League T55"]
[Site "Internet Chess Club"]
[Date "2012.12.09"]
[Round "4"]
[White "Cicero"]
[Black "BosqueVerde"]
[Result "0-1"]
[WhiteElo "1228"]
[BlackElo "1183"]
[Opening "Vienna game"]
[ECO "C25"]
[Time "13:00:46"]
[TimeControl "2700+45"]

1. e4 e5 2. Nc3 Bc5 3. Bc4 Nf6 4. d3 O-O 5. Be3 Bxe3 6. fxe3 Nc6 7. a3 a5 8. Nf3
d6 9. Nd5 Bg4 10. Qd2 Ne7 11. Nxf6+ gxf6 12. O-O-O d5 13. Bxd5 Nxd5 14. exd5
Qxd5 15. Kb1 a4 16. Rdf1 Be6 17. c4 Qd6 18. Qf2 Qxd3+ 19. Qc2 Bxc4 20. Qxd3
Bxd3+ 21. Ka2 Bxf1 22. Rxf1 Kg7 23. Ne1 e4 24. Rf4 Rfe8 25. Nc2 c5 26. b3 b5 27.
Rf5 Re5 28. Rf4 Rd8 29. bxa4 bxa4 30. Kb2 Rd2 31. Rg4+ Kh6 32. Rg8 Rg5 33. Rc8
Rdxg2 34. Kc3 Rxh2 35. Ne1 Re2 {White resigns} 0-1

[Event "Team 45 45 League T55"]
[Site "Internet Chess Club"]
[Date "2012.12.10"]
[Round "4"]
[White "theartist"]
[Black "chips"]
[Result "1-0"]
[WhiteElo "1113"]
[BlackElo "1254"]
[Opening "QGD: Marshall defense"]
[ECO "D06"]
[Time "14:08:27"]
[TimeControl "2700+45"]

1. d4 d5 2. c4 Nf6 3. cxd5 Nxd5 4. e4 Nb6 5. Nf3 e6 6. Nc3 Bb4 7. a3 Bxc3+ 8.
bxc3 Bd7 9. a4 O-O 10. a5 Nc8 11. Bd3 Ne7 12. O-O a6 13. Ne5 f6 14. Nxd7 Nxd7
15. Bc4 Kf7 16. Qb3 b5 17. Bxe6+ Ke8 18. Bg4 c5 19. Bh5+ g6 20. Bg4 c4 21. Qc2
Nc6 22. Bh6 Rf7 23. Bxd7+ Rxd7 24. Qa2 g5 25. f4 gxf4 26. Bxf4 Qe7 27. Qe2 Nd8
28. Qh5+ Qf7 29. Qxf7+ Nxf7 30. Bd2 Nd6 31. Rae1 Re7 32. e5 fxe5 33. Rxe5 Rxe5
34. dxe5 Ne4 35. Be1 Ng5 36. Bh4 h6 37. Rf6 Nf7 38. Re6+ Kf8 39. Rf6 Re8 40. e6
Re7 41. Rxf7+ Rxf7 42. exf7 Kxf7 43. Kf2 Ke6 44. Ke3 Ke5 45. Bg3+ Kf5 46. Kd4
Kg4 47. Kc5 h5 48. Kb6 b4 49. cxb4 c3 50. Be1 c2 51. Bd2 Kf5 52. Kxa6 Ke4 53. b5
Kd3 54. Bc1 Ke2 55. b6 Kd1 56. Ba3 c1=Q 57. Bxc1 Kxc1 58. b7 h4 59. b8=Q h3 60.
g4 Kd1 61. Qe5 Kc1 62. Qd4 Kb1 63. Qc3 Ka2 64. Kb5 Kb1 65. Kb4 Ka2 66. Kc4 Kb1
67. Kd3 Ka2 68. Kd2 Kb1 69. Qb4+ Ka1 70. Kc2 Ka2 71. Qb2# {Black checkmated} 1-0

[Event "Team 45 45 League T55"]
[Site "Internet Chess Club"]
[Date "2012.12.09"]
[Round "4"]
[White "Macovitski"]
[Black "johnnyw"]
[Result "1-0"]
[WhiteElo "1224"]
[BlackElo "1101"]
[Opening "Scotch: Schmidt variation"]
[ECO "C45"]
[Time "13:01:10"]
[TimeControl "2700+45"]

1. e4 e5 2. Nf3 Nc6 3. d4 exd4 4. Nxd4 Nf6 5. Nxc6 dxc6 6. Qxd8+ Kxd8 7. Nc3 Bb4
8. Bd2 Bxc3 9. Bxc3 Nxe4 10. O-O-O+ Bd7 11. Bxg7 Nxf2 12. Bxh8 Nxh1 13. Bf6+ Ke8
14. Bc4 Nf2 15. Re1+ Kf8 16. Re7 Be8 17. Rxc7 b5 18. Bb3 Ng4 19. Be7+ Kg7 20.
Bc5 a5 21. Bd4+ Kf8 22. c3 Nxh2 23. Bc2 h5 24. Bf6 Ng4 25. Be7+ Kg7 26. Be4 Ne5
27. Bc5 Nd7 28. Rxc6 Nf6 29. Rxf6 Kxf6 30. Bxa8 Kg5 31. Kd2 f5 32. Bb6 h4 33.
Bxa5 Kg4 34. Ke2 Kg3 35. Bc7+ f4 36. Bb6 Bh5+ 37. Kf1 f3 38. gxf3 Bxf3 39. Bxf3
Kxf3 40. Kg1 Kg3 41. b3 {Black resigns} 1-0

[Event "Team 45 45 League T55"]
[Site "Internet Chess Club"]
[Date "2012.12.08"]
[Round "4"]
[White "room-matt"]
[Black "DutchBird"]
[Result "1-0"]
[WhiteElo "1798"]
[BlackElo "1437"]
[Opening "Philidor: exchange variation"]
[ECO "C41"]
[Time "10:35:04"]
[TimeControl "2700+45"]

1. e4 e5 2. Nf3 d6 3. d4 exd4 4. Nxd4 Nf6 5. Nc3 Be7 6. Qf3 O-O 7. Qg3 Re8 8.
Be2 Nc6 9. Be3 Ne5 10. h3 c5 11. Nb3 a6 12. Rd1 Qc7 13. f4 Ng6 14. O-O Bf8 15.
Nd2 b5 16. Bf3 Rb8 17. Rfe1 b4 18. Nd5 Nxd5 19. exd5 Bb7 20. Ne4 Ne7 21. Nf6+
Kh8 22. Nxe8 Rxe8 23. Bf2 Qd8 24. h4 g6 25. b3 Nf5 26. Rxe8 Qxe8 27. Qg4 Bc8 28.
Re1 Qd8 29. Re2 Nd4 30. Bxd4+ {Black resigns} 1-0

[Event "Team 45 45 League T55"]
[Site "Internet Chess Club"]
[Date "2012.12.09"]
[Round "4"]
[White "Warpdrive"]
[Black "hondocando"]
[Result "0-1"]
[WhiteElo "1730"]
[BlackElo "1655"]
[Opening "King's pawn opening"]
[ECO "B07"]
[Time "23:45:17"]
[TimeControl "2700+45"]

1. e4 d6 2. d4 g6 3. Be3 Bg7 4. Be2 c5 5. c3 Qb6 6. Qd2 Nf6 7. f3 O-O 8. Nh3 Nc6
9. Nf2 e6 10. Na3 cxd4 11. cxd4 d5 12. e5 Ne8 13. h4 f5 14. f4 Rf7 15. h5 Bf8
16. hxg6 Bb4 17. gxf7+ Kxf7 18. O-O-O Bxd2+ 19. Rxd2 Kg8 20. g4 Ng7 21. g5 Bd7
22. Nc2 Rc8 23. Kb1 Na5 24. Rdd1 Bb5 25. Bxb5 Qxb5 {White resigns} 0-1

[Event "Team 45 45 League T55"]
[Site "Internet Chess Club"]
[Date "2012.12.09"]
[Round "4"]
[White "Signalman"]
[Black "birk113"]
[Result "0-1"]
[WhiteElo "1517"]
[BlackElo "1462"]
[Opening "French: Réti (Spielmann) variation"]
[ECO "C00"]
[Time "14:06:45"]
[TimeControl "2700+45"]

1. e4 e6 2. b3 d5 3. Bb2 d4 4. Nf3 c5 5. c3 Nc6 6. Bb5 Bd7 7. Qe2 dxc3 8. dxc3
Nf6 9. Nbd2 a6 10. Bd3 Be7 11. O-O Qc7 12. e5 Nd5 13. g3 Qa5 14. Rac1 Qxa2 15.
Rc2 Qa5 16. Ra1 Qc7 17. Ba3 b5 18. c4 Ndb4 19. Rc3 Nxd3 20. Rxd3 b4 21. Bb2 O-O
22. Ne4 a5 23. Rad1 Rfd8 24. Qd2 Be8 25. Nd6 a4 26. Nb5 Qb7 27. Nd6 Qb8 28. h4
axb3 29. Qf4 Ra2 30. R1d2 Bxd6 31. exd6 Rd7 32. Qg5 f6 33. Bxf6 Bg6 34. Rxb3
Rxd2 35. Nxd2 gxf6 36. Qxf6 Rxd6 37. Qf4 Qd8 38. Nf3 Nd4 39. Nxd4 Rxd4 40. Qe5
Bf5 41. Qxc5 Qd6 42. Qc8+ Kg7 43. Qb7+ Kf6 44. Rxb4 Qc5 45. Qb8 Rd1+ 46. Kg2
Be4+ 47. Kh3 Qf5+ 48. g4 Qf3+ 49. Qg3 Rh1# {White checkmated} 0-1

[Event "Team 45 45 League T55"]
[Site "Internet Chess Club"]
[Date "2012.12.10"]
[Round "4"]
[White "PaulaR"]
[Black "werty"]
[Result "0-1"]
[WhiteElo "1535"]
[BlackElo "1520"]
[Opening "French: advance, Paulsen attack"]
[ECO "C02"]
[Time "14:32:01"]
[TimeControl "2700+45"]

1. e4 e6 2. d4 d5 3. e5 c5 4. c3 Nc6 5. Nf3 Qb6 6. Be2 cxd4 7. cxd4 Nge7 8. b3
Nf5 9. Bb2 Bb4+ 10. Nbd2 Nfxd4 11. Nxd4 Nxd4 12. O-O Nxe2+ 13. Qxe2 Bd7 14. Rac1
Bb5 15. Nc4 dxc4 16. bxc4 Ba6 17. Qg4 O-O 18. Rc2 Be7 19. Bc1 g6 20. Bh6 Rfd8
21. Rd2 Rxd2 22. Bxd2 Rd8 23. Be3 Qc6 24. Bxa7 Qxc4 25. Qxc4 Bxc4 26. Ra1 Ra8
{White resigns} 0-1

[Event "Team 45 45 League T55"]
[Site "Internet Chess Club"]
[Date "2012.12.09"]
[Round "4"]
[White "Zugzwanged"]
[Black "Egmont"]
[Result "1-0"]
[WhiteElo "1697"]
[BlackElo "1664"]
[Opening "Sicilian: Grand Prix attack"]
[ECO "B23"]
[Time "09:36:47"]
[TimeControl "2700+45"]

1. e4 c5 2. Nc3 Nc6 3. f4 e6 4. Nf3 a6 5. g3 Nf6 6. e5 Nd5 7. Bg2 d6 8. Nxd5
exd5 9. d4 dxe5 10. dxe5 Be7 11. O-O O-O 12. c3 Be6 13. Be3 Qc7 14. Qd2 Rad8 15.
Qf2 Na5 16. b3 Rc8 17. Rfd1 Rfd8 18. Rd2 Rd7 19. Rad1 Rcd8 20. h3 b6 21. Bf1 Qb7
22. g4 f6 23. f5 Bxf5 24. gxf5 fxe5 25. Nxe5 Rd6 26. Bg2 Bf6 27. Bf4 Qe7 28.
Bxd5+ Rxd5 29. Rxd5 {Black resigns} 1-0

[Event "Team 45 45 League T55"]
[Site "Internet Chess Club"]
[Date "2012.12.09"]
[Round "4"]
[White "kpjw"]
[Black "Timotheous"]
[Result "1/2-1/2"]
[WhiteElo "1591"]
[BlackElo "1742"]
[Opening "Pirc: classical (two knights) system"]
[ECO "A48"]
[Time "07:30:44"]
[TimeControl "2700+45"]

1. d4 Nf6 2. Nf3 g6 3. Nc3 Bg7 4. e4 d6 5. Be3 Nbd7 6. Qd2 Ng4 7. Bg5 h6 8. Bh4
g5 9. Bg3 b6 10. h3 Ngf6 11. Bd3 Bb7 12. O-O-O Nh5 13. Bh2 e6 14. g4 Nhf6 15.
Rhe1 Qe7 16. d5 e5 17. Nb5 Qd8 18. Qc3 Nc5 19. Nd2 Nxd3+ 20. Qxd3 a6 21. Nc3 Nd7
22. Nb3 Bf6 23. Bg1 O-O 24. Qf3 a5 25. a4 Nc5 26. Nxc5 bxc5 27. Nb5 Be7 28. Qe3
Ba6 29. c4 Qb8 30. Qc3 Bxb5 31. cxb5 Bf6 32. f3 Kg7 33. Be3 Rh8 34. Rh1 Qd8 35.
Rd2 Qe7 36. Rdh2 Qd8 37. Bf2 Qe7 38. Qe3 Rab8 39. Be1 Ra8 40. Kc2 Qd7 41. b3 Qe7
42. Bd2 Qd7 43. Qe1 Qc8 44. Bxa5 Qb7 45. Bd2 Qb6 46. Qe2 Rab8 47. Be1 Qb7 48.
Qd2 Ra8 49. h4 Qb6 50. Rh3 Qb7 51. Qh2 Qb8 52. Bd2 Qd8 53. Kd3 Qe7 54. Kc4 Qd8
55. a5 gxh4 56. Rxh4 Bxh4 57. Qxh4 Qxh4 58. Rxh4 Kg6 59. b4 cxb4 60. Kxb4 f6 61.
a6 h5 62. gxh5+ Rxh5 63. Rxh5 Kxh5 64. Ka4 Kh4 65. Ba5 Ra7 66. Be1+ Kh3 67. Bf2
Ra8 68. Ka5 Kg2 69. Bh4 Kxf3 70. Bxf6 Kxe4 71. b6 cxb6+ 72. Kxb6 Kxd5 73. Kb7
Rxa6 74. Kxa6 Ke4 75. Kb5 d5 76. Kb4 d4 77. Bg5 Kd3 78. Kb3 e4 79. Kb2 e3 80.
Kc1 e2 81. Bd2 Ke4 82. Kc2 d3+ 83. Kc1 Kf3 84. Be1 Kg2 85. Kd2 Kf1 86. Bh4 e1=Q+
87. Bxe1 Kg2 88. Kxd3 {Game drawn because neither player has mating material}
1/2-1/2

[Event "Team 45 45 League T55"]
[Site "Internet Chess Club"]
[Date "2012.12.09"]
[Round "4"]
[White "supermessi"]
[Black "vollmerj"]
[Result "1-0"]
[WhiteElo "1593"]
[BlackElo "1782"]
[Opening "Benkö gambit accepted"]
[ECO "A58"]
[Time "18:29:48"]
[TimeControl "2700+45"]

1. d4 Nf6 2. c4 c5 3. d5 b5 4. cxb5 a6 5. bxa6 g6 6. Nc3 Bxa6 7. Nf3 Bg7 8. g3
d6 9. Bg2 O-O 10. O-O Nbd7 11. Re1 Nb6 12. e4 e6 13. dxe6 fxe6 14. Ng5 d5 15.
Nxe6 Qd7 16. Nxf8 Rxf8 17. exd5 Bb7 18. Qb3 Nbxd5 19. Rd1 Rd8 20. Bg5 Qf5 21.
Bxf6 Bxf6 22. Bxd5+ Bxd5 23. Rxd5 Bd4 24. Rxf5+ {Black resigns} 1-0

[Event "Team 45 45 League T55"]
[Site "Internet Chess Club"]
[Date "2012.12.08"]
[Round "4"]
[White "doublepar"]
[Black "JohLeb"]
[Result "1-0"]
[WhiteElo "1549"]
[BlackElo "1380"]
[Opening "Sicilian: Labourdonnais-Löwenthal variation"]
[ECO "B32"]
[Time "15:00:45"]
[TimeControl "2700+45"]

1. e4 c5 2. Nf3 Nc6 3. d4 cxd4 4. Nxd4 e5 5. Nf5 d6 6. Ne3 Nf6 7. f3 Be6 8. Nc3
Be7 9. Bc4 O-O 10. Ned5 a6 11. Nxe7+ Qxe7 12. Bxe6 fxe6 13. Be3 Qc7 14. Qd2 Rad8
15. O-O-O b5 16. g4 Ne7 17. Bg5 d5 18. Bxf6 Rxf6 19. Rhf1 d4 20. Ne2 Ng6 21. Qb4
Nf4 22. Nxf4 Rxf4 23. Rd3 Qc4 24. Qb3 Rc8 25. Rfd1 g5 26. c3 Qxb3 27. axb3 b4
28. Kc2 Rf7 29. Ra1 bxc3 30. Rxa6 cxb2+ 31. Kxb2 Re7 32. Ra5 Kf7 33. Rxe5 Kf6
34. Ra5 e5 35. b4 Rec7 36. Rd2 Rc3 37. Ra3 Ke6 38. Ra6+ R8c6 39. Rxc6+ Rxc6 40.
Rc2 Kd6 41. Rxc6+ Kxc6 42. Kc2 Kb5 43. Kb3 d3 44. Kc3 d2 45. Kxd2 Kxb4 46. Ke2
Kc3 47. Ke3 Kc2 48. f4 gxf4+ 49. Kf3 Kd3 50. h4 Kc4 51. g5 Kc5 52. h5 Kd6 53. g6
{Black resigns} 1-0